 Dungeon Crawl Stone Soup version 0.20.1-1-g8b1a95d (console) character file.

54 archego the Stinger (level 4, -2/27 HPs)
             Began as a Halfling Venom Mage on Oct 17, 2017.
             Slain by a goblin
             ... wielding a +0 dagger
             ... led by Robin
              (5 damage)
             ... on level 2 of the Dungeon.
             The game lasted 00:03:51 (1033 turns).

archego the Stinger (Halfling Venom Mage)           Turns: 1033, Time: 00:03:52

Health: -2/27      AC:  3    Str: 10    XL:     4   Next: 12%
Magic:  0/6        EV: 20    Int: 13    God:
Gold:   100        SH:  0    Dex: 19    Spells: 5/6 levels left

rFire    . . .     SeeInvis .   d - +0 dagger
rCold    . . .     Gourm    .   (shield restricted)
rNeg     . . .     Faith    .   a - +0 robe
rPois    .         Spirit   .   (no helmet)
rElec    .         Reflect  .   (no cloak)
rCorr    .         Harm     .   (no gloves)
MR       .....                  f - +0 pair of boots
Stlth    ++++......             e - amulet of regeneration
Regen    0.5/turn               (no ring)
MPRegen  0.1/turn               (no ring)

@: agile
A: mutation resistance 1
a: no special abilities


You were on level 2 of the Dungeon.
You were very hungry.

You visited 1 branch of the dungeon, and saw 2 of its levels.

You collected 100 gold pieces.

Inventory:

Hand Weapons
 d - a +0 dagger (weapon)
Armour
 a - a +0 robe (worn)
 f - a +0 pair of boots (worn)
Jewellery
 e - an amulet of regeneration (around neck)
Scrolls
 g - a scroll of remove curse {unknown}
 h - 5 scrolls of identify {unknown}
 i - a scroll of fear {unknown}
 k - a scroll of random uselessness {unknown}
 l - 4 scrolls of teleportation {unknown}
 m - a scroll of fog {unknown}
Books
 b - a Young Poisoner's Handbook

   Spells                             Type                      Level
   a - Sting                          Conjuration/Poison           1
   b - Poisonous Vapours              Poison/Air                   2
   c - Mephitic Cloud                 Conjuration/Poison/Air       3
   d - Olgreb's Toxic Radiance        Poison                       4
   e - Venom Bolt                     Conjuration/Poison           5
Comestibles
 c - a bread ration
 j - 6 fruits
 o - a meat ration


   Skills:
 - Level 2.1 Dodging
 + Level 3.7 Stealth
 - Level 1.5 Spellcasting
 - Level 0.7 Conjurations
 + Level 3.9 Poison Magic


You had 5 spell levels left.
You knew the following spells:

 Your Spells              Type           Power        Failure   Level  Hunger
a - Sting                 Conj/Pois      #...         11%         1    ##.....


Dungeon Overview and Level Annotations

Branches:
Dungeon (2/15)

Altars:

Annotations:
D:2 Robin, Sigmund


Innate Abilities, Weirdness & Mutations

You are small and have problems with some larger weapons.
You are somewhat resistant to further mutation.


Message History

Unknown command.
Unknown command.
You closely miss the goblin.
The goblin is severely wounded.
The goblin hits you but does no damage. Something hits you!
* * * LOW HITPOINT WARNING * * *
Unknown command.
Unknown command.
Press: ? - help, v - describe, . - travel
Here: a goblin, wielding a club (severely wounded, unusually strong)
The floor.
Unknown command.
You aren't carrying any potions.
You aren't carrying any items that you can evoke.
Unknown command.
Unknown command.
You barely miss the goblin.
The goblin is severely wounded.
The goblin barely misses you. The goblin hits you with a dagger.
You die...

#.#.#.# # #.#.#.# #.#
#.#.#.# #... #.#.#.##
##....##.#....###########
#...gg†.g................
.....g##{#....###########
....g #g#.....# S...
#@##....# ... #.g.....#
.. #####...# # ##.## #.#
...


You could see Robin and 2 goblins.

Vanquished Creatures
  An adder (D:2)
  An ooze (D:1)
  2 dart slugs (D:1)
  A leopard gecko (D:1)
  5 bats (D:1)
  3 giant cockroaches
  8 goblins
  4 hobgoblins
  4 kobolds (D:1)
  A ball python (D:2)
  2 frilled lizards
  2 rats
34 creatures vanquished.

Notes
Turn   | Place    | Note
-------+----------+-------------------------------------------
     0 | D:1      | archego the Halfling Venom Mage began the quest for the Orb.
     0 | D:1      | Reached XP level 1. HP: 11/11 MP: 3/3
   132 | D:1      | Reached XP level 2. HP: 17/17 MP: 2/4
   236 | D:1      | Reached XP level 3. HP: 20/21 MP: 2/5
   767 | D:2      | Noticed Robin
   985 | D:2      | Noticed Sigmund
  1004 | D:2      | Reached XP level 4. HP: 26/27 MP: 3/6
  1033 | D:2      | Slain by a goblin

Skill      XL: |  1  2 |
---------------+-------+-----
Stealth        | 3 |  3.7
Dodging        | |  2.1
Spellcasting   | |  1.5
Conjurations   | |  0.7
Poison Magic   | |  3.9

Action                   |  1- 3 |  4- 6 || total
-------------------------+-------+-------++-------
Melee: Dagger            |    79 |    18 ||    97
       Unarmed           |     2 |       ||     2
 Cast: Sting             |    28 |     6 ||    34
  Use: Potion            |     2 |       ||     2
 Stab: Sleeping          |     2 |       ||     2
Armor: Robe              |    30 |     4 ||    34
Dodge: Dodged            |   101 |    26 ||   127
